 Dungeon Sprint DCSS version 0.22-a0-825-ga28c36f (webtiles) character file.

3306 Kidiri the Covert (level 9, -21/47 HPs)
             Began as a Spriggan Enchanter on July 24, 2018.
             Was a Believer of Dithmenos.
             Shot with an arrow by a deep elf master archer (34 damage)
             ... in the Dungeon (Sprint II: "The Violet Keep of Menkaure").
             The game lasted 00:06:28 (1377 turns).

Kidiri the Covert (Spriggan Enchanter)              Turns: 1377, Time: 00:06:28

Health: -21/47     AC:  4    Str:  7    XL:     9   Next: 70%
Magic:  22/25      EV: 30    Int: 18    God:    Dithmenos [**....]
Gold:   397        SH:  4    Dex: 20    Spells: 18/30 levels left

rFire    + . .     SeeInvis +   a - +1 dagger
rCold    . . .     Gourm    .   (shield restricted)
rNeg     . . .     Faith    .   e - +2 robe "Ziotomp" {Str+3 Dex+2}
rPois    +         Spirit   .   (helmet restricted)
rElec    .         Reflect  +   (no cloak)
rCorr    .         Harm     .   (gloves unavailable)
MR       +....     NoTele   +   (boots unavailable)
Stlth    ++++++++..             i - +4 amulet of reflection
HPRegen  0.15/turn              k - ring of Caas {*Contam +Fly rPois rF+}
MPRegen  0.19/turn              (no ring)

@: flying, wreathed by umbra, very quick
A: very small, unfitting armour, see invisible, herbivore, speed 3, slow
metabolism 2
a: Shadow Step, Renounce Religion, Stop Flying


You were in the Dungeon.
You worshipped Dithmenos.
Dithmenos was pleased with you.
You were not hungry.

You visited 1 branch You collected 1215 gold pieces.
You spent 818 gold pieces at shops.

Inventory:

Hand Weapons
 a - a +1 dagger (weapon)
Armour
 b - a +0 robe
 e - the +2 robe "Ziotomp" (worn) {Str+3 Dex+2}
   (You bought it in a shop in the Dungeon)

   It affects your strength (+3).
   It affects your dexterity (+2).
Magical Staves
 l - an uncursed staff of cold {unknown}
Jewellery
 i - a +4 amulet of reflection (around neck)
 k - the ring of Caas (left hand) {*Contam +Fly rPois rF+}
   (You bought it in a shop in the Dungeon)

   [ring of flight]

   It protects you from fire.
   It protects you from poison.
   It lets you fly.
   It causes magical contamination when unequipped.
Scrolls
 c - a scroll of identify {unknown}
 j - a scroll of blinking
 m - a scroll of enchant armour {unknown}
Potions
 f - a potion of brilliance {unknown}
 g - a potion of haste
 h - 2 potions of magic
Comestibles
 d - a ration


   Skills:
 + Level 5.1 Fighting
 * Level 10.2 Short Blades
 + Level 4.6 Armour
 * Level 13.0 Dodging
 * Level 14.3 Stealth
 * Level 11.2 Spellcasting
 + Level 3.7 Conjurations
 + Level 8.6 Hexes
 + Level 4.2 Ice Magic


You had 18 spell levels left.
You knew the following spells:

 Your Spells              Type           Power        Failure   Level  Hunger
a - Corona                Hex            #####..      1%          1    None
b - Ensorcelled Hibernat  Hex/Ice        ####..       1%          2    None
c - Confuse               Hex            #####...     1%          3    None
d - Tukima's Dance        Hex            #####...     1%          3    None
e - Dazzling Spray        Conj/Hex       ####..       1%          3    None

Your spell library contained the following spells:

 Spells                   Type           Power        Failure   Level  Hunger


Dungeon Overview and Level Annotations

Branches:
Dungeon (1/1)

Altars:
Cheibriados
Dithmenos
Elyvilon
Fedhas
Gozag
Hepliaklqana
Kikubaaqudgha
Makhleb
Nemelex Xobeh
Okawaru
Qazlal
Ru
Sif Muna
Trog
Uskayaw
Vehumet
Wu Jian
Xom
Yredelemnul
Zin
The Shining One
Beogh
Jiyva
Lugonu

Shops:
D =[:%}*[!![*(?!=:

Annotations:
D exclusions: 10 doors, obsidian statue, oklob plant, orange crystal statue, swamp drake and 1 more exclusion


Innate Abilities, Weirdness & Mutations

You are very small and have problems with some larger weapons.
You are too small for most types of armour.
You have supernaturally acute eyesight. (SInv)
You are a herbivore.
You cover ground extremely quickly.
You need to consume almost no food.


Message History

You barely miss the deep elf master archer.
The deep elf master archer shouts!
You hit the deep elf master archer.
The deep elf master archer is lightly wounded.
The deep elf master archer wields a longbow.
The deep elf master archer shoots an arrow.
The arrow hits you!!
Ouch! That really hurt!
* * * LOW HITPOINT WARNING * * *
You hear a sizzling splash.
Casting: Confuse (safe; 1% risk of failure)
Confirm with . or Enter, or press ? or * to list all spells.
Aiming: Ensorcelled Hibernation (safe; 1% risk of failure)
Press: ? - help, Shift-Dir - straight line, f - deep elf master archer
Aim: a deep elf master archer, wielding a longbow and wearing a leather armour (black smoke, lightly wounded, umbra, chance to defeat MR: 5%)
The deep elf master archer resists with almost no effort.
The deep elf master archer shoots an arrow.
The arrow hits you!!
Ouch! That really hurt!
You die...

####+#### ##.......## ..§§..§§§##
..§z..§§§##++## ###
§zzz..§##§§..### .≈## zz§.
#e@§^^..# ###≈≈#+++#+++#####....#
## ##≈≈≈.........#..+^^.^# k#
∩#≈≈≈≈.##+##..#..####.# k#
.#≈≈≈≈##...##.####..+.##.# ▓=%$?
∩#≈≈≈≈#..#..#....#)†#.^.####▓$[([
.#≈≈####÷#.####..#####^.##.#▓![[?
.#≈##.###+###.##..# +..#..#▓?)??
.#≈#...##.##...#..# #..#.)#▓$??)


You could see a deep elf master archer.

Vanquished Creatures
  An ice dragon (D)
  A merfolk siren (D)
  A yaktaur (D)
  3 polar bears (D)
  A hornet (D)
  2 wyverns (D)
  4 neqoxecs (D)
  Menkaure (D)
  4 necrophages (D)
  A scorpion (D)
  3 worms (D)
22 creatures vanquished.

Vanquished Creatures (others)
  A crocodile (D)
1 creature vanquished.

Grand Total: 23 creatures vanquished

Notes
Turn   | Place    | Note
-------+----------+-------------------------------------------
     0 | D        | Kidiri the Spriggan Enchanter began the quest for the Orb.
     0 | D        | Reached XP level 1. HP: 9/9 MP: 5/5
     1 | D        | Noticed a necrophage
     1 | D        | Noticed a necrophage
     1 | D        | Noticed a necrophage
     1 | D        | Noticed a necrophage
    10 | D        | Killed a necrophage
    10 | D        | Reached skill level 1 in Fighting
    10 | D        | Reached skill level 1 in Armour
    10 | D        | Reached skill level 5 in Dodging
    10 | D        | Reached skill level 7 in Stealth
    10 | D        | Reached skill level 5 in Spellcasting
    10 | D        | Reached XP level 2. HP: 7/15 MP: 3/9
    10 | D        | Reached XP level 3. HP: 8/18 MP: 3/10
    10 | D        | Reached XP level 4. HP: 11/23 MP: 3/12
    19 | D        | Killed a necrophage
    19 | D        | Reached skill level 5 in Short Blades
    19 | D        | Reached skill level 8 in Stealth
    19 | D        | Reached skill level 5 in Hexes
    19 | D        | Reached XP level 5. HP: 6/27 MP: 4/14
    24 | D        | Killed a necrophage
    24 | D        | Reached skill level 9 in Stealth
    29 | D        | Killed a necrophage
    29 | D        | Reached XP level 6. HP: 4/31 MP: 4/17
    33 | D        | Learned a level 2 spell: Ensorcelled Hibernation
    37 | D        | Learned a level 3 spell: Confuse
    41 | D        | Learned a level 3 spell: Tukima's Dance
    45 | D        | Learned a level 3 spell: Dazzling Spray
   305 | D        | Noticed a flying skull
   305 | D        | Noticed a flying skull
   305 | D        | Noticed a flying skull
   305 | D        | Noticed a flying skull
   305 | D        | Noticed a flying skull
   305 | D        | Noticed a flying skull
   305 | D        | Noticed a flying skull
   306 | D        | Noticed a flying skull
   306 | D        | Noticed a flying skull
   306 | D        | Noticed a flying skull
   306 | D        | Noticed a flying skull
   307 | D        | Noticed Menkaure
   308 | D        | Found Goagosut's Jewellery Shoppe.
   308 | D        | Found Venusost's Book Emporium.
   309 | D        | Killed Menkaure
   309 | D        | Reached skill level 10 in Stealth
   309 | D        | Reached skill level 1 in Conjurations
   310 | D        | Noticed a flying skull
   353 | D        | Found Bocutori's Antique Armour Emporium.
   353 | D        | Found Peosur's Antique Weapon Emporium.
   353 | D        | Found Ymaewuakh's Distillery.
   353 | D        | Found Umodop's Distillery.
   353 | D        | Found Afulatea's Distillery.
   353 | D        | Found Ciriy's General Store.
   353 | D        | Found Ycvosch's Magic Scroll Shoppe.
   435 | D        | Noticed a merfolk siren
   446 | D        | Killed a merfolk siren
   446 | D        | Reached skill level 10 in Dodging
   446 | D        | Reached skill level 11 in Stealth
   446 | D        | Reached XP level 7. HP: 36/36 MP: 8/20
   525 | D        | Noticed a neqoxec
   528 | D        | Killed a neqoxec
   529 | D        | Noticed a neqoxec
   530 | D        | Killed a neqoxec
   530 | D        | Reached XP level 8. HP: 41/41 MP: 22/22
   533 | D        | Reached skill level 12 in Stealth
   598 | D        | Noticed an orange crystal statue
   618 | D        | Found Jodul's Antique Armour Shoppe.
   618 | D        | Found Tifen's General Store.
   623 | D        | Found Cude's Gadget Emporium.
   623 | D        | Found Serch's Food Shoppe.
   623 | D        | Noticed an oklob plant
   624 | D        | Found Ehiph's Antique Armour Shoppe.
   624 | D        | Found Moutsose's Book Shoppe.
   624 | D        | Found Git Moat's Jewellery Emporium.
   651 | D        | Bought an ominously black robe for 136 gold pieces
   661 | D        | Identified the +2 robe "Ziotomp" {Str+3 Dex+2} (You bought it in a shop in the Dungeon)
   661 | D        | Noticed an unseen horror
   669 | D        | Bought a +4 amulet of reflection for 351 gold pieces
   687 | D        | Bought the ring of Caas {*Contam +Fly rPois rF+} for 331 gold pieces
   748 | D        | Found a stormy altar of Qazlal.
   749 | D        | Found an ornate altar of the Wu Jian Council.
   751 | D        | Found a hazy altar of Hepliaklqana.
   751 | D        | Found a sacrificial altar of Ru.
   751 | D        | Found a shimmering altar of Xom.
   752 | D        | Found a glowing golden altar of the Shining One.
   762 | D        | Noticed an obsidian statue
   765 | D        | Found a deep blue altar of Sif Muna.
   765 | D        | Found a viscous altar of Jiyva.
   766 | D        | Found a basalt altar of Yredelemnul.
   813 | D        | Found a glowing silver altar of Zin.
   813 | D        | Found a bloodstained altar of Trog.
   813 | D        | Found an ancient bone altar of Kikubaaqudgha.
   813 | D        | Found a snail-covered altar of Cheibriados.
   814 | D        | Found a hide-covered altar of Uskayaw.
   814 | D        | Found a corrupted altar of Lugonu.
   814 | D        | Found a shadowy altar of Dithmenos.
   815 | D        | Found a roughly hewn altar of Beogh.
   818 | D        | Found a burning altar of Makhleb.
   818 | D        | Found a white marble altar of Elyvilon.
   818 | D        | Found a radiant altar of Vehumet.
   821 | D        | Noticed a polar bear
   826 | D        | Found a blossoming altar of Fedhas.
   828 | D        | Found an opulent altar of Gozag.
   828 | D        | Found a sparkling altar of Nemelex Xobeh.
   828 | D        | Noticed a hornet
   829 | D        | Found an iron altar of Okawaru.
   829 | D        | Noticed a yaktaur
   834 | D        | Became a worshipper of Dithmenos the Shadowed
   850 | D        | Killed a polar bear
   852 | D        | Noticed a polar bear
   854 | D        | Noticed a polar bear
   855 | D        | Killed a polar bear
   855 | D        | Reached skill level 10 in Spellcasting
   861 | D        | Killed a hornet
   861 | D        | Reached * piety under Dithmenos
   861 | D        | Reached skill level 13 in Stealth
   870 | D        | Killed a polar bear
   870 | D        | Reached XP level 9. HP: 19/46 MP: 1/24
   874 | D        | Killed a yaktaur
  1094 | D        | Noticed a death drake
  1102 | D        | Reached ** piety under Dithmenos
  1112 | D        | Noticed a deep elf master archer
  1114 | D        | Noticed an ice dragon
  1135 | D        | Killed an ice dragon
  1135 | D        | Reached skill level 5 in Fighting
  1135 | D        | Reached skill level 10 in Short Blades
  1135 | D        | Reached skill level 14 in Stealth
  1377 | D        | Shot with an arrow by a deep elf master archer

Vault maps used:
D:        the_violet_keep_of_menkaure

Skill      XL: |  1  2  3  4  5  6  7  8  9 |
---------------+----------------------------+-----
Fighting       | 1 2 3 4 5 |  5.1
Short Blades   | 3 5 6 7 8 9 10 | 10.2
Armour         | 1 2 3 4 |  4.6
Dodging        | 5 7 8 10 12 13 | 13.0
Stealth        | 7 8 9 11 13 14 | 14.3
Spellcasting   | 5 6 7 8 9 10 11 | 11.2
Hexes          | 4 5 6 7 8 |  8.6
Conjurations   | 1 2 3 |  3.7
Ice Magic      | 2 3 4 |  4.2

Action                   |  1- 3 |  4- 6 |  7- 9 || total
-------------------------+-------+-------+-------++-------
Melee: Dagger            |     4 |    27 |    43 ||    74
 Cast: Corona            |     2 |     1 |       ||     3
       Ensorcelled Hiber |       |     3 |     4 ||     7
       Confuse           |       |     2 |     7 ||     9
 Abil: Evoke Flight      |       |       |     3 ||     3
  Use: Potion            |     2 |       |     1 ||     3
 Stab: Sleeping          |       |     4 |     8 ||    12
       Confused          |       |     2 |     8 ||    10
       Distracted        |       |       |     1 ||     1
Armor: Robe              |       |       |     2 ||     2
Dodge: Dodged            |     2 |     5 |    16 ||    23
Block: Other             |       |       |     1 ||     1

Table legend:
 A = Spawn XP
 B = Non-spawn XP
 C = Spawn XP percentage of total XP
 D = Spawn monster count
 E = Non-spawn monster count
 F = Spawn count percentage of total count
 G = Total turns spent on level
                    A         B        C        D         E        F      G
               +---------+---------+-------+---------+---------+-------+---------
         Total |       0 |    4723 |   0.0 |       0 |      22 |   0.0 |  1377
               +---------+---------+-------+---------+---------+-------+---------
             D |       0 |    4723 |   0.0 |       0 |      22 |   0.0 |  1377
               +---------+---------+-------+---------+---------+-------+---------
